 Dungeon Crawl Stone Soup version 0.24.0-37-gcf1ca852f1 (webtiles) character file.

Game seed: 5202958865694649379, levelgen mode: deterministic

51 sankara the Slasher (level 3, -1/23 HPs)
             Began as a Gargoyle Monk on Dec 3, 2019.
             Slain by a worm (3 damage)
             ... on level 2 of the Dungeon.
             The game lasted 00:03:24 (1607 turns).

sankara the Slasher (Gargoyle Monk)                 Turns: 1607, Time: 00:03:24

Health: -1/23      AC:  5    Str: 17    XL:     3   Next: 83%
Magic:  3/3        EV: 13    Int: 10    God:
Gold:   76         SH:  0    Dex: 13    Spells: 2/2 levels left

rFire    . . .     SeeInvis .   a - +0 falchion
rCold    . . .     Gourm    .   (no shield)
rNeg     + . .     Faith    .   e - +0 robe
rPois    ∞         Spirit   .   (no helmet)
rElec    +         Reflect  .   (no cloak)
rCorr    .         Harm     .   (no gloves)
MR       .....                  (no boots)
Stlth    ++........             (no amulet)
HPRegen  0.07/turn              d - +3 ring of strength
MPRegen  0.08/turn              (no ring)

@: no status effects
A: negative energy resistance 1, electricity resistance, unbreathing,
petrification resistance, rot immunity, AC +3
a: no special abilities


You were on level 2 of the Dungeon.
You were not hungry.

You visited 1 branch of the dungeon, and saw 2 of its levels.

You collected 76 gold pieces.

Inventory:

Hand Weapons
 a - a +0 falchion (weapon)
 b - a +0 dagger
Missiles
 j - 58 stones (quivered)
Armour
 e - a +0 robe (worn)
Jewellery
 d - a +3 ring of strength (left hand)
Scrolls
 f - a scroll of amnesia {unknown}
 g - 2 scrolls of identify {unknown}
 h - a scroll of magic mapping {unknown}
 i - 2 scrolls of fog {unknown}
 k - a scroll of remove curse {unknown}
Potions
 l - a potion of magic {unknown}
 m - 2 potions of curing {unknown}
 n - 2 potions of haste {unknown}
Comestibles
 c - 2 rations
 o - a chunk of flesh


   Skills:
 - Level 3.2 Fighting
 + Level 4.2 Long Blades
 - Level 2.4 Dodging
 - Level 2.1 Stealth


You had 2 spell levels left.
You didn't know any spells.
Your spell library was empty.

Dungeon Overview and Level Annotations

Branches:
Dungeon (2/15)

Altars:

Annotations:
D:2 1 runed translucent door, Crazy Yiuf


Innate Abilities, Weirdness & Mutations

You are resistant to torment.
Your stone body is resilient. (AC +3)
You are immune to poison.
You resist negative energy. (rN+)
You are resistant to electric shocks. (rElec)
You can survive without breathing.
You are immune to petrification.
You are immune to rotting.


Message History

You barely miss the worm.
The worm is moderately wounded.
You slash the worm!
The worm is severely wounded.
The worm bites you!
You are too injured to fight recklessly!
You are too injured to fight recklessly!
You are too injured to fight recklessly!
You are too injured to fight recklessly!
You are too injured to fight recklessly!
You hit the worm.
The worm is severely wounded.
The worm bites you!
* * * LOW HITPOINT WARNING * * *
You hit the worm.
The worm is almost dead.
You completely miss the worm.
The worm is almost dead.
The worm bites you.
You die...

....[.....
...............>#
.#######..
......#...###...# .#
................# .#
.......##.####..# .#
##..............# .####..
#####.###.##.###...#
........ #..........#.# .#
.####... #......w.#.#)# .#
#.....@......# ##
#......>.##..###
..###..............#
.................#.#
.####....#..###...# #
#.##..........# #
#######.##..........# #
#.......##..........##.###
##
#.########................


You could see a worm.

Vanquished Creatures
  2 dart slugs
  4 leopard geckos
  5 bats
  2 giant cockroaches (D:1)
  8 goblins
  5 hobgoblins
  3 jackals (D:1)
  A quokka (D:2)
  2 frilled lizards
  4 kobolds
  5 rats
41 creatures vanquished.

Notes
Turn   | Place    | Note
-------+----------+-------------------------------------------
     0 | D:1      | sankara the Gargoyle Monk began the quest for the Orb.
     0 | D:1      | Reached XP level 1. HP: 14/14 MP: 1/1
   189 | D:1      | Reached skill level 3 in Long Blades
   199 | D:1      | Reached XP level 2. HP: 15/19 MP: 2/2
   846 | D:1      | Reached XP level 3. HP: 12/23 MP: 3/3
  1279 | D:2      | Reached skill level 4 in Long Blades
  1390 | D:2      | Found a runed translucent door.
  1391 | D:2      | Noticed Crazy Yiuf
  1607 | D:2      | Slain by a worm

Levels and vault maps discovered:
D:1:      saegor_arrival_simple_b, layout_rooms
D:2:      minmay_general_purpose_star, layout_basic, uniq_crazy_yiuf_cottage

Skill      XL: |  1  2  3 |
---------------+----------+-----
Long Blades    | 3 4 |  4.2
Fighting       | |  3.2
Dodging        | |  2.4
Stealth        | |  2.1

Action                   || total
-------------------------++-------
Melee: Falchion          ||   100
 Stab: Sleeping          ||     3
  Eat: Chunk             ||     2
Armor: Robe              ||    33
Dodge: Dodged            ||    86
       Rpst.: Falchion   ||    29
